 Dungeon Sprint DCSS version 0.31-a0-128-g25add195a6 (webtiles) character file.

Game seed: 13868204885290882032

14459 rocky1 the Bludgeoner (level 11, -2/126 HPs)
             Began as a Minotaur Fighter on June 2, 2023.
             Was a High Priest of Okawaru.
             Slain by a crystal guardian (16 damage)
             ... in the Dungeon (Sprint III: "The Ten Rune Challenge").
             The game lasted 00:15:03 (5768 turns).

rocky1 the Bludgeoner (Minotaur Fighter)            Turns: 5768, Time: 00:15:04

Health: -2/126     AC: 22    Str: 23    XL:     11   Next: 89%
Magic:  18/18      EV: 12    Int:  4    God:    Okawaru [*****.]
Gold:   868        SH:  7    Dex: 17    Spells: 10/10 levels left

rFire   + . .        s - +8 whip "Nyas Ivy" {heavy, *Corrode rF+ rN+}
rCold   . . .        c - +0 buckler
rNeg    + . .        a - +1 chain mail "Yxteq" {rPois Dex+2}
rPois   +            (helmet unavailable)
rElec   .            v - +1 cloak {Stlth+}
rCorr   .            i - +2 pair of gloves {Stlth+}
SInv    .            u - +0 pair of boots {rampage}
Will    .....        (no amulet)
Stlth   ++           (no ring)
HPRegen 0.41/turn    (no ring)
MPRegen 0.16/turn

%: no teleportation, random rage (3%), corrode self (3%), rampage
@: no status effects
A: horns 3, retaliatory headbutt, agile 1, berserk 1, robust 1, wild magic 2
a: Renounce Religion, Heroism, Finesse


You were in the Dungeon.
You worshipped Okawaru.
Okawaru was extremely pleased with you.
You visited 1 branch You collected 2911 gold pieces.
You spent 2043 gold pieces at shops.

Inventory:

Hand Weapons
 s - the +8 whip "Nyas Ivy" (weapon) {heavy, *Corrode rF+ rN+}
   (You bought it in a shop in the Dungeon)

   rF:        It protects you from fire.
   rN:        It protects you from negative energy.
   *Corrode:  It may corrode you when you take damage.
Missiles
 b - 2 atropa-tipped darts
 e - 7 curare-tipped darts (quivered)
 q - 5 javelins
Armour
 a - the +1 chain mail "Yxteq" (worn) {rPois Dex+2}
   (You bought it in a shop in the Dungeon)

   Dex:       It affects your dexterity (+2).
   rPois:     It protects you from poison.
 c - a +0 buckler (worn)
 i - a +2 pair of gloves of stealth (worn)
 k - a scarf of resistance
 r - a +2 ring mail of fire resistance
 u - a +0 pair of boots of rampaging (worn)
 v - a +1 cloak of stealth (worn)
Scrolls
 j - 3 scrolls of blinking
 l - 2 scrolls of torment {unknown}
 m - a scroll of identify {unknown}
Potions
 d - 3 potions of might
 f - a potion of invisibility
 g - 3 potions of curing
 h - 2 potions of magic
 o - a potion of ambrosia {unknown}
 p - 2 potions of mutation


   Skills:
 + Level 16.4 Fighting
 * Level 20.3 Maces & Flails
 * Level 4.5 Throwing
 + Level 15.3 Armour
 + Level 7.4 Dodging
 + Level 4.4 Stealth
 + Level 11.7 Shields
 * Level 11.1 Invocations


You had 10 spell levels left.
You didn't know any spells.
Your spell library contained the following spells:

 Spells                   Type           Power      Damage    Failure   Level
 Magic Dart               Conj           0%         1d3       98%         1
 Blink                    Tloc           0%         N/A       99%         2
 Lesser Beckoning         Tloc           0%         N/A       99%         2
 Momentum Strike          Conj/Tloc      0%         3d8       99%         2
 Searing Ray              Conj           0%         2d4       99%         2
 Fulminant Prism          Conj/Hex       0%         3d5       100%        4


Dungeon Overview and Level Annotations

Branches:
Dungeon (1/1)

Altars:
Cheibriados
Dithmenos
Elyvilon
Fedhas
Gozag
Hepliaklqana
Kikubaaqudgha
Makhleb
Nemelex Xobeh
Okawaru
Qazlal
Ru
Sif Muna
Trog
Uskayaw
Vehumet
Wu Jian
Xom
Yredelemnul
Zin
The Shining One
Jiyva
Lugonu

Shops:
D *[!!?=?[(:?*


Innate Abilities, Weirdness & Mutations

You have a pair of large horns on your head.
You reflexively headbutt those who attack you in melee.
You are agile. (Dex +4, Str/Int -1)
You sometimes lose your temper in combat.
You are robust. (+10% HP)
Your spells are harder to cast, but more powerful.


Message History

The crystal guardian completely resists.
The crystal bolt freezes you!
* * * LOW HITPOINT WARNING * * *
Unknown command.
You feel much better.
The crystal guardian completely misses you.
Unknown command.
You whack the crystal guardian!
The crystal guardian is heavily damaged.
The crystal guardian closely misses you.
You furiously retaliate!
You headbutt the crystal guardian!
The crystal guardian fires a crystalline bolt at you.
The crystal bolt freezes the crystal guardian.
The crystal guardian completely resists.
The crystal bolt freezes you!
You are too injured to fight recklessly!
You are too injured to fight recklessly!
You whack the crystal guardian!
You destroy the crystal guardian!
Okawaru accepts your kill.
Unknown command.
You rampage towards the crystal guardian!
You whack the crystal guardian! You headbutt the crystal guardian.
The crystal guardian is moderately damaged.
The crystal guardian fires a crystalline bolt at you.
The crystal bolt freezes you!!
* * * LOW HITPOINT WARNING * * *
The crystal guardian barely misses you. You furiously retaliate!
You headbutt the crystal guardian!
You hit the crystal guardian but do no damage.
The crystal guardian is moderately damaged.
The crystal guardian closely misses you.
You furiously retaliate!
You headbutt the crystal guardian. The crystal guardian barely misses you.
You furiously retaliate!
You headbutt the crystal guardian!
You hit the crystal guardian but do no damage.
The crystal guardian is moderately damaged.
You block the crystal guardian's attack.
The crystal guardian hits you!
You die...

*,,,,* #.#,,,###.#.∩⌠⌠∩.#,*,*,*
**,,,** #.#,###..§#.∩∩∩∩.#,,,,,*
*,****** #.#+#...§§#.∩.∩∩.#,,,,,*
**,,,,,* #.#.......#......#,*,*,+
******~* #.#§§....§###''###,,*,,*
,~,,,,,* #..§§§§...#.⌠..⌠.#,,,,,*
~~,~,,~* #########.#......#******
,,,~~,,* #.#.#.#.#........#,,,*,*
****∩∩∩* #.....9@.........#,,,***
***** #.....9..........#,,,,,,
*********###+##############,,,,,,
,,~,*,,,***,,,**,*~~~~~~*********
,,,~*,,,**,,,,,**+*,~~,~*,*,,,,,,
,,,,*+***,,,,,,,***,,,,~*,*+*****
,,,,+,,,+,,,,,,,+,,,,,,,,,*^,*,^,
,,,,*+***,,,,,,,*****,,~*,*,,*,,,
,,,~*~~~**,,,,,**^^,**,~*,*,,*,,*


You could see 2 crystal guardians.

Vanquished Creatures
  Harold (D)
  Erolcha (D)
  Urug (D)
  An obsidian statue (D)
  A lindwurm (D)
  Joseph (D)
  An orc knight (D)
  3 deep elf pyromancers (D)
  3 deep elf zephyrmancers (D)
  2 crystal guardians (D)
  An orc sorcerer (D)
  2 cane toads (D)
  A rime drake (D)
  A komodo dragon (D)
  2 tyrant leeches (D)
  3 wandering mushrooms (D)
  5 blink frogs (D)
  4 orc high priests (D)
  A shadow (D)
  5 redbacks (D)
  A spatial vortex (D)
  A swamp drake (D)
  3 orc warriors (D)
  5 two-headed ogres (D)
  A water elemental (D)
  A necrophage (D)
  A scorpion (D)
  A jelly (D)
  An orc priest (D)
  An orc wizard (D)
  A necromancer (D)
  3 humans (D)
  A kobold demonologist (D)
  10 orcs (D)
  An endoplasm (D)
  3 rats (D)
75 creatures vanquished.

Vanquished Creatures (others)
  A wizard (D)
  An orc (D)
2 creatures vanquished.

Grand Total: 77 creatures vanquished

Notes
Turn   | Place    | Note
-------+----------+-------------------------------------------
     0 | D        | rocky1 the Minotaur Fighter began the quest for the Orb.
     0 | D        | Reached XP level 1. HP: 19/19 MP: 0/0
    77 | D        | Reached skill level 5 in Fighting
    77 | D        | Reached skill level 3 in Maces & Flails
    77 | D        | Reached skill level 5 in Armour
    77 | D        | Reached XP level 2. HP: 7/29 MP: 1/1
   430 | D        | Noticed a scorpion
   434 | D        | Killed a scorpion
   435 | D        | Reached skill level 5 in Maces & Flails
   435 | D        | Reached skill level 5 in Shields
   435 | D        | Reached XP level 3. HP: 37/37 MP: 2/2
   435 | D        | Reached XP level 4. HP: 44/44 MP: 3/3
   459 | D        | Gained mutation: Your system is resistant to poisons.
                  | (rPois) [potion of mutation]
   459 | D        | Gained mutation: You sometimes lose your temper in combat.
                  | [potion of mutation]
   459 | D        | Gained mutation: You are agile. (Dex +4, Str/Int -1)
                  | [potion of mutation]
   460 | D        | Lost mutation: You sometimes lose your temper in combat.
                  | [potion of mutation]
   460 | D        | Lost mutation: Your system is resistant to poisons. (rPois)
                  | [potion of mutation]
   460 | D        | Lost mutation: You are agile. (Dex +4, Str/Int -1) [potion
                  | of mutation]
   460 | D        | Gained mutation: Your magical capacity is low. (-10% MP)
                  | [potion of mutation]
   460 | D        | Gained mutation: Your magical capacity is very low. (-20%
                  | MP) [potion of mutation]
   460 | D        | Gained mutation: You occasionally lose the ability to read
                  | scrolls when taking damage. [potion of mutation]
   461 | D        | Lost mutation: You occasionally lose the ability to read
                  | scrolls when taking damage. [potion of mutation]
   461 | D        | Lost mutation: Your magical capacity is very low. (-20% MP)
                  | [potion of mutation]
   461 | D        | Gained mutation: Your system is resistant to poisons.
                  | (rPois) [potion of mutation]
   461 | D        | Gained mutation: You have large cloven feet. [potion of
                  | mutation]
   465 | D        | Lost mutation: Your system is resistant to poisons. (rPois)
                  | [potion of mutation]
   465 | D        | Lost mutation: Your magical capacity is low. (-10% MP)
                  | [potion of mutation]
   465 | D        | Lost mutation: You have large cloven feet. [potion of
                  | mutation]
   465 | D        | Gained mutation: You have large cloven feet. [potion of
                  | mutation]
   466 | D        | Lost mutation: You have large cloven feet. [potion of
                  | mutation]
   466 | D        | Gained mutation: You sometimes lose your temper in combat.
                  | [potion of mutation]
   466 | D        | Gained mutation: You have hidden genetic potential. [potion
                  | of mutation]
   466 | D        | Gained mutation: You have great hidden genetic potential.
                  | [potion of mutation]
   466 | D        | Gained mutation: Your spells are a little harder to cast,
                  | but a little more powerful. [potion of mutation]
   468 | D        | Noticed a water elemental
   477 | D        | Killed a water elemental
   478 | D        | Reached skill level 6 in Maces & Flails
   478 | D        | Reached XP level 5. HP: 22/51 MP: 4/4
   762 | D        | Found a hide-covered altar of Uskayaw.
   762 | D        | Found an iron altar of Okawaru.
   762 | D        | Found a bloodstained altar of Trog.
   762 | D        | Found an ornate altar of the Wu Jian Council.
   762 | D        | Noticed a human
   763 | D        | Noticed a human
   769 | D        | Killed a human
   770 | D        | Reached skill level 9 in Maces & Flails
   770 | D        | Reached XP level 6. HP: 61/61 MP: 5/5
   773 | D        | Gained mutation: You are agile. (Dex +4, Str/Int -1)
                  | [hidden potential]
   777 | D        | Killed a human
   778 | D        | Reached skill level 10 in Maces & Flails
   778 | D        | Reached skill level 1 in Dodging
   787 | D        | Became a worshipper of Warmaster Okawaru
  1003 | D        | Found a radiant altar of Vehumet.
  1003 | D        | Found a shimmering blue altar of Sif Muna.
  1003 | D        | Found an ancient bone altar of Kikubaaqudgha.
  1116 | D        | Found a glowing silver altar of Zin.
  1116 | D        | Found a glowing golden altar of the Shining One.
  1116 | D        | Found a white marble altar of Elyvilon.
  1117 | D        | Noticed a deep elf pyromancer
  1119 | D        | Noticed a fire elemental
  1119 | D        | Noticed a fire elemental
  1124 | D        | Killed a deep elf pyromancer
  1124 | D        | Reached * piety under Okawaru
  1124 | D        | Reached ** piety under Okawaru
  1125 | D        | Reached skill level 12 in Maces & Flails
  1125 | D        | Reached skill level 10 in Armour
  1125 | D        | Reached XP level 7. HP: 20/71 MP: 5/8
  1139 | D        | Gained mutation: You have a pair of large horns on your
                  | head. [hidden potential]
  1139 | D        | Lost mutation: You have great hidden genetic potential.
                  | [hidden potential expressed]
  1301 | D        | Found a basalt altar of Yredelemnul.
  1301 | D        | Found a shadowy altar of Dithmenos.
  1301 | D        | Found a sacrificial altar of Ru.
  1423 | D        | Reached XP level 8. HP: 63/79 MP: 9/9
  1637 | D        | Reached skill level 10 in Fighting
  1637 | D        | Reached skill level 13 in Maces & Flails
  1637 | D        | Reached skill level 1 in Stealth
  1819 | D        | Found a blossoming altar of Fedhas.
  1819 | D        | Found a stormy altar of Qazlal.
  1819 | D        | Found a snail-covered altar of Cheibriados.
  1819 | D        | Found a burning altar of Makhleb.
  1819 | D        | Found a shimmering altar of Xom.
  1820 | D        | Found a hazy altar of Hepliaklqana.
  1820 | D        | Found an opulent altar of Gozag.
  1820 | D        | Found a sparkling altar of Nemelex Xobeh.
  1820 | D        | Found a corrupted altar of Lugonu.
  1820 | D        | Found a viscous altar of Jiyva.
  1831 | D        | Reached *** piety under Okawaru
  1964 | D        | Reached skill level 14 in Maces & Flails
  1982 | D        | Gained mutation: Your spells are harder to cast, but more
                  | powerful. [hidden potential]
  2316 | D        | Noticed a two-headed ogre
  2327 | D        | Killed a two-headed ogre
  2328 | D        | Reached skill level 5 in Invocations
  2520 | D        | Noticed Erolcha
  2521 | D        | Noticed a two-headed ogre
  2544 | D        | Killed Erolcha
  2544 | D        | Reached **** piety under Okawaru
  2545 | D        | Reached skill level 15 in Maces & Flails
  2545 | D        | Reached XP level 9. HP: 24/89 MP: 10/12
  2549 | D        | Killed a two-headed ogre
  2553 | D        | Reached skill level 16 in Maces & Flails
  2557 | D        | Gained mutation: You are robust. (+10% HP) [hidden
                  | potential]
  2557 | D        | Lost mutation: You have hidden genetic potential. [hidden
                  | potential expressed]
  2980 | D        | Noticed a wandering mushroom
  2985 | D        | Noticed a wandering mushroom
  2987 | D        | Noticed a wandering mushroom
  2993 | D        | Killed a wandering mushroom
  2994 | D        | Reached skill level 5 in Dodging
  3084 | D        | Noticed Harold
  3084 | D        | Noticed Joseph
  3090 | D        | Killed Harold
  3090 | D        | Reached ***** piety under Okawaru
  3091 | D        | Reached skill level 17 in Maces & Flails
  3091 | D        | Reached XP level 10. HP: 110/110 MP: 6/14
  3103 | D        | Killed Joseph
  3137 | D        | Noticed a sun demon
  3139 | D        | Noticed a rust devil
  3149 | D        | Reached skill level 18 in Maces & Flails
  3434 | D        | Noticed an obsidian statue
  3458 | D        | Killed an obsidian statue
  3458 | D        | Received a gift from Okawaru
  3459 | D        | Reached skill level 10 in Shields
  3478 | D        | Found Xumonis's Antique Armour Shop.
  3478 | D        | Found Jaepnikh's Magic Scroll Boutique.
  3478 | D        | Found Tasa's General Store.
  3478 | D        | Found Teis's Jewellery Boutique.
  3478 | D        | Found Toja's Magic Scroll Emporium.
  3478 | D        | Found Naklea's Distillery.
  3478 | D        | Found Leufunnish's Magic Scroll Shop.
  3478 | D        | Found Gicziuth's Distillery.
  3478 | D        | Found Syghiv's Book Emporium.
  3478 | D        | Found Fiwum's Armour Emporium.
  3478 | D        | Found Foim Omp's Antique Weapon Boutique.
  3565 | D        | Noticed a yaktaur captain
  3611 | D        | Noticed a cane toad
  3611 | D        | Noticed a cane toad
  3614 | D        | Killed a cane toad
  3619 | D        | Killed a cane toad
  3891 | D        | Reached XP level 11. HP: 102/122 MP: 15/17
  3923 | D        | Reached skill level 19 in Maces & Flails
  4450 | D        | Noticed a lindwurm
  4456 | D        | Killed a lindwurm
  4457 | D        | Reached skill level 15 in Fighting
  4734 | D        | Reached skill level 10 in Invocations
  4734 | D        | Noticed Urug
  4839 | D        | Killed Urug
  4989 | D        | Found Lafavul's General Store.
  4989 | D        | Noticed an orc sorcerer
  4989 | D        | Noticed an orc high priest
  5027 | D        | Noticed an orc knight
  5045 | D        | Killed an orc knight
  5046 | D        | Reached skill level 1 in Throwing
  5051 | D        | Killed an orc high priest
  5065 | D        | Paralysed by an orc sorcerer for 3 turns
  5069 | D        | Killed an orc sorcerer
  5070 | D        | Reached skill level 15 in Armour
  5437 | D        | Noticed a deep elf pyromancer
  5437 | D        | Noticed a deep elf zephyrmancer
  5437 | D        | Noticed a deep elf zephyrmancer
  5437 | D        | Noticed a deep elf zephyrmancer
  5437 | D        | Noticed a deep elf pyromancer
  5445 | D        | Killed a deep elf zephyrmancer
  5446 | D        | Killed a deep elf zephyrmancer
  5447 | D        | Killed a deep elf pyromancer
  5447 | D        | Received a gift from Okawaru
  5448 | D        | Reached skill level 20 in Maces & Flails
  5452 | D        | Killed a deep elf zephyrmancer
  5455 | D        | Killed a deep elf pyromancer
  5598 | D        | Bought a faintly glowing whip for 195 gold pieces
  5598 | D        | Identified the +8 whip "Nyas Ivy" {heavy, *Corrode rF+ rN+}
                  | (You bought it in a shop in the Dungeon)
  5605 | D        | Bought the +1 chain mail "Yxteq" {rPois Dex+2} for 348 gold
                  | pieces
  5616 | D        | Bought a potion of invisibility for 80 gold pieces
  5616 | D        | Bought 2 potions of curing for 60 gold pieces
  5616 | D        | Bought a potion of might for 40 gold pieces
  5616 | D        | Bought a potion of heal wounds for 50 gold pieces
  5616 | D        | Bought a potion of curing for 30 gold pieces
  5616 | D        | Bought a potion of might for 40 gold pieces
  5618 | D        | Bought a scroll of blinking for 90 gold pieces
  5618 | D        | Bought a scroll of blinking for 90 gold pieces
  5620 | D        | Bought a pair of glowing boots for 157 gold pieces
  5625 | D        | Bought a runed cloak for 157 gold pieces
  5738 | D        | Bought a scroll of magic mapping for 82 gold pieces
  5744 | D        | Bought a scroll of acquirement for 624 gold pieces
  5744 | D        | Acquired 805 gold pieces
  5758 | D        | Noticed a crystal guardian
  5758 | D        | Noticed a crystal guardian
  5758 | D        | Noticed a crystal guardian
  5758 | D        | Noticed a crystal guardian
  5761 | D        | Killed a crystal guardian
  5765 | D        | Killed a crystal guardian
  5768 | D        | Slain by a crystal guardian

Illustrated notes

Levels and vault maps discovered:
D:        dungeon_sprint_mu [sprint_mu_entry_cave, sprint_mu_temple_rooms,
          sprint_mu_d1_spiders, sprint_mu_d2_genie, sprint_mu_d3_branching,
          sprint_mu_orc_legion, sprint_mu_elf_gauntlet, sprint_mu_hive_nellie,
          sprint_mu_lair_fedhas, sprint_mu_vaults_butterflies,
          sprint_mu_slime_circle, sprint_mu_swamp_cave, sprint_mu_shoals_archi,
          sprint_mu_blade_basic, sprint_mu_crypt_lich, sprint_mu_tomb_spiral,
          sprint_mu_vestibule_basic, sprint_mu_gehenna_hellfire,
          sprint_mu_dis_giant, sprint_mu_tartarus_statrot,
          sprint_mu_cocytus_islands, sprint_mu_zot1]

Skill      XL: |  1  2  3  4  5  6  7  8  9 10 11 |
---------------+----------------------------------+-----
Fighting       | 5 6 7 9 11 12 14 16 | 16.4
Armour         | 5 6 7 8 10 12 13 14 15 | 15.3
Shields        | 4 5 6 7 8 9 10 11 | 11.7
Maces & Flails | 3 5 6 9 12 15 17 18 20 | 20.3
Dodging        | 2 4 5 6 7 |  7.4
Invocations    | 3 6 7 9 11 | 11.1
Stealth        | 1 2 4 |  4.4
Throwing       | 4 |  4.5

Action                     |  1- 3 |  4- 6 |  7- 9 | 10-12 || total
---------------------------+-------+-------+-------+-------++-------
  Melee: Flail             |    23 |    29 |   103 |   206 ||   361
         Headbutt          |     2 |     7 |    35 |    62 ||   106
         Whip              |       |       |       |     9 ||     9
 Invoke: Heroism           |       |       |     1 |     2 ||     3
         Finesse           |       |       |     1 |       ||     1
    Use: Potion            |       |     7 |     3 |     2 ||    12
         Scroll            |       |       |       |     4 ||     4
   Stab: Sleeping          |       |       |       |     3 ||     3
 Armour: Scale mail        |     6 |    11 |     4 |    16 ||    37
         Ring mail         |       |       |       |    19 ||    19
  Dodge: Dodged            |    13 |    11 |    25 |    62 ||   111
  Block: Buckler           |     2 |     9 |    14 |    38 ||    63

Table legend: (Time is in decaauts)
 A = Elapsed time spent in this place.
 B = Non-inter-level travel time spent in this place.
 C = Inter-level travel time spent in this place.
 D = Time resting spent in this place.
 E = Time spent auto-exploring this place.
 F = Levels seen in this place.
 G = Mean time per level.
                   A        B        C        D        E       F      G
               +--------+--------+--------+--------+--------+-----+--------+
         Total |   5719 |   5597 |    122 |   4463 |      0 |   1 | 5719.0 |
       Dungeon |   5719 |   5597 |    122 |   4463 |      0 |   1 | 5719.0 |
               +--------+--------+--------+--------+--------+-----+--------+

Top non-repeatable levels by time:
       D: 5719 daAuts
